 Dungeon Crawl Stone Soup version 0.26.0-15-gc6cd9f700b (webtiles) character file.

Game seed: 2891537172863874783

1638 EnegeticOcto the Stinger (level 8, -7/60 HPs)
             Began as a Gnoll Venom Mage on Jan 16, 2021.
             Shot with a bolt by an orc warlord (39 damage)
             ... in a bailey.
             The game lasted 00:09:45 (1263 turns).

EnegeticOcto the Stinger (Gnoll Venom Mage)         Turns: 1263, Time: 00:09:45

Health: -7/60      AC:  3    Str: 10    XL:     8   Next: 98%
Magic:  2/17       EV: 16    Int: 19    God:
Gold:   132        SH:  0    Dex: 17    Spells: 4/19 levels left

rFire    . . .     SeeInvis .   v - +0 battleaxe
rCold    . . .     Faith    .   (shield currently unavailable)
rNeg     . . .     Spirit   .   a - +0 robe
rPois    .         Reflect  .   (no helmet)
rElec    .         Harm     .   (no cloak)
rCorr    .         Rampage  .   d - +0 pair of gloves
Will     .....                  (no boots)
Stlth    +++.......             (no amulet)
HPRegen  0.20/turn              (no ring)
MPRegen  0.15/turn              (no ring)

@: no status effects
A: distributed training, fangs 1, strong nose
a: no special abilities


You were in a bailey.
You visited 1 branch of the dungeon, and saw 7 of its levels.
You also visited: Bailey.

You collected 186 gold pieces.
You spent 54 gold pieces at shops.

Inventory:

Hand Weapons
 g - a +2 mace of protection
   (You found it on level 1 of the Dungeon)
 i - a +0 spear
   (You took it off a gnoll on level 4 of the Dungeon)
 k - a +0 war axe
   (You found it on level 5 of the Dungeon)
 v - a +0 battleaxe (weapon)
   (You took it off an orc warrior in a bailey)
Missiles
 j - a throwing net {!f}
 u - 15 boomerangs
Armour
 a - a +0 robe (worn)
 c - a +0 plate armour
   (You found it on level 1 of the Dungeon)
 d - a +0 pair of gloves (worn)
   (You found it on level 1 of the Dungeon)
 l - a +0 kite shield
   (You found it on level 4 of the Dungeon)
Jewellery
 n - an uncursed ring of teleportation
   (You found it on level 5 of the Dungeon)
Wands
 s - a wand of polymorph (9)
   (You found it on level 7 of the Dungeon)
Scrolls
 b - a scroll of fog {!r}
 m - 2 scrolls of teleportation {@r3 !r}
 o - a scroll of blinking {@r4}
 p - a scroll of amnesia
 t - a scroll of brand weapon {unknown}
Potions
 e - 3 potions of curing {unknown}
 f - a potion of heal wounds {unknown}
 h - a potion of lignification {unknown}
 q - 2 potions of mutation {unknown}
 r - 2 potions of attraction {unknown}


   Skills:
 + Level 3.7 Fighting
 + Level 3.7 Short Blades
 + Level 3.7 Long Blades
 + Level 3.7 Axes
 + Level 3.7 Maces & Flails
 + Level 3.7 Polearms
 + Level 3.7 Staves
 + Level 3.7 Slings
 + Level 3.7 Bows
 + Level 3.7 Crossbows
 + Level 3.7 Throwing
 + Level 3.7 Armour
 + Level 6.0 Dodging
 + Level 5.6 Stealth
 + Level 3.7 Shields
 + Level 3.7 Unarmed Combat
 + Level 6.3 Spellcasting
 + Level 3.0 Conjurations
 + Level 3.0 Hexes
 + Level 3.0 Summonings
 + Level 3.0 Necromancy
 + Level 3.0 Translocations
 + Level 3.8 Transmutations
 + Level 3.0 Fire Magic
 + Level 3.0 Ice Magic
 + Level 3.0 Air Magic
 + Level 3.0 Earth Magic
 + Level 6.3 Poison Magic
 + Level 4.1 Invocations
 + Level 3.7 Evocations


You had 4 spell levels left.
You knew the following spells:

 Your Spells              Type           Power        Failure   Level
a - Sting                 Tmut/Pois      100%         1%          1
b - Poisonous Vapours     Pois/Air       46%          2%          2
c - Ignite Poison         Fire/Tmut/Pois 22%          5%          3
d - Mephitic Cloud        Conj/Pois/Air  21%          6%          3
e - Olgreb's Toxic Radia  Pois           30%          8%          4
Y - Blink                 Tloc           N/A          4%          2

Your spell library contained the following spells:

 Spells                   Type           Power        Failure   Level
 Magic Dart               Conj           68%          3%          1
 Call Imp                 Summ           17%          4%          2
 Slow                     Hex            17%          4%          2
 Conjure Flame            Conj/Fire      17%          10%         3


Dungeon Overview and Level Annotations

Branches:
Dungeon (7/15)             Bailey (1/1)
 Temple: D:4-7

Altars:
Ashenzari
Kikubaaqudgha
Sif Muna
The Shining One

Shops:
D:6 (*


Innate Abilities, Weirdness & Mutations

Your experience applies equally to all skills.
You have very sharp teeth.
Your uncanny sense of smell can sniff out nearby items.


Message History

The hobgoblin hits you with a +0 hand axe.
An orc warlord comes into view. It is wielding a +0 war axe.
A hobgoblin, an orc and 3 orc warriors come into view.
The hobgoblin is poisoned.
The orc warrior looks even sicker.
The orc warrior is poisoned.
The orc warrior looks even sicker.
The hobgoblin looks even sicker.
The goblin shouts!
The goblin is poisoned.
The gnoll looks even sicker. x2
The orc warlord is poisoned.
The orc is poisoned.
The orc warrior is poisoned. x2
Your toxic aura wanes.
You kill the goblin!
You kill the hobgoblin!
The hobgoblin misses you.
Found a +0 hand axe.
Casting: Olgreb's Toxic Radiance (dangerous; 10% risk of failure)
Confirm with . or Enter, or press ? or * to list all spells.
You begin to radiate toxic energy.
The orc warrior looks as sick as possible!
The orc warrior looks even sicker.
You kill the hobgoblin!
The gnoll looks as sick as possible!
The orc warrior looks even sicker.
You kill the hobgoblin!
The orc warrior looks as sick as possible!
The orc warrior looks even sicker.
The gnoll looks as sick as possible!
The gnoll looks even sicker.
The orc warlord looks even sicker.
The orc warrior looks even sicker. x3
You kill the gnoll! x2
The orc warrior looks as sick as possible!
You kill the orc!
Your toxic aura wanes.
The orc warlord roars a battlecry!
The orc warriors go into a battle-frenzy!
A hobgoblin comes into view. It is wielding a +0 hand axe.
Casting: Olgreb's Toxic Radiance (dangerous; 10% risk of failure)
Confirm with . or Enter, or press ? or * to list all spells.
You ignite the poison in your surroundings!
The orc warrior seems to burn from within!!!
You kill the orc warrior!
The orc warrior seems to burn from within!!!
You kill the orc warrior!
The orc warrior seems to burn from within!
The orc warrior is severely wounded.
The orc warlord seems to burn from within!!
The orc warlord is moderately wounded.
The orc warrior seems to burn from within!!!
You kill the orc warrior!
The orc warrior seems to burn from within!!!
You kill the orc warrior!
The orc warrior seems to burn from within!!
You kill the orc warrior!
The hobgoblin shouts!
Your Spellcasting skill increases to level 6!
Casting: Ignite Poison (dangerous; 6% risk of failure)
Confirm with . or Enter, or press ? or * to list all spells.
You begin to radiate toxic energy.
The hobgoblin is poisoned.
The orc warrior is poisoned.
The orc warrior looks even sicker.
The orc warlord is poisoned.
The hobgoblin looks even sicker.
The orc warrior looks even sicker.
The orc warlord looks even sicker.
You kill the hobgoblin!
The orc warrior looks even sicker. x2
Your toxic aura wanes.
You kill the orc warrior!
Your Conjurations skill increases to level 3!
Your Hexes skill increases to level 3!
Your Summonings skill increases to level 3!
Your Necromancy skill increases to level 3!
Your Translocations skill increases to level 3!
Your Fire Magic skill increases to level 3!
Your Ice Magic skill increases to level 3!
Your Air Magic skill increases to level 3!
Your Earth Magic skill increases to level 3!
Your Invocations skill increases to level 4!
There is an open door here.
Items here: )) [[ ††.
The orc warrior no longer looks unusually strong.
The orc warlord unwields a +0 war axe.
The orc warlord wields a +0 arbalest.
The orc warlord shoots a bolt.
The bolt hits you!
You see here a bolt.
Things that are here:
a +0 hand axe; a +0 leather armour The orc warlord roars a battlecry!
The orc warrior goes into a battle-frenzy!
You hear a shout!
Items here: ) [[ †.
Things that are here:
a +0 hand axe; a +0 leather armour
There is an open door here.
Things that are here:
a +0 hand axe; a +0 leather armour; a hobgoblin corpse You kill the orc warrior!
Your Dodging skill increases to level 6!
Casting: Olgreb's Toxic Radiance (dangerous; 8% risk of failure)
Confirm with . or Enter, or press ? or * to list all spells.
You can't see any susceptible monsters within range! (Use Z to cast anyway.) Unknown command.
Casting: Olgreb's Toxic Radiance (dangerous; 8% risk of failure)
Confirm with . or Enter, or press ? or * to list all spells.
You ignite the poison in your surroundings!
The orc warlord shoots a bolt.
The bolt hits you!!!
Ouch! That really hurt!
You die...

....)..)...#∆∆
.)..)#8........
.....).))..#∆∆
..).)))....⌠...
...........#∆∆
..)))#8o..)....
...........#∆∆ ...
#8........ #......)..###∆ .
###........ ###.....###.###
###.###.)...#
###.#'#.....###
###.....#)#.###
###......)..###.........###
#....).....@#....).o....#
#...........#.).........#
#..)).⌠....)#)[).().....#
#...........o))).)......#
#...).......#)).........#
##.........###.........##
###.....### ###.....###
###.### ###.### ### ###


You could see an orc warlord.

Vanquished Creatures
  11 orc warriors (Bailey)
  A scorpion (D:5)
  A bullfrog skeleton (D:4)
  4 hounds
  An orc priest (D:6)
  A jelly (D:4)
  2 orc wizards
  A worker ant (D:5)
  10 gnolls
  4 adders
  A white imp (D:5)
  An ufetubus (D:6)
  An ooze (D:5)
  2 adder skeletons (D:4)
  A dart slug (D:2)
  2 leopard geckos
  26 orcs
  3 giant cockroaches
  14 hobgoblins
  A jackal (D:3)
  2 kobolds (D:1)
  2 quokkas
  A frilled lizard (D:5)
  18 goblins
  4 rats
115 creatures vanquished.

Notes
Turn   | Place    | Note
-------+----------+-------------------------------------------
     0 | D:1      | EnegeticOcto the Gnoll Venom Mage began the quest for the
                  | Orb.
     0 | D:1      | Reached XP level 1. HP: 13/13 MP: 6/6
   104 | D:2      | Reached skill level 2 in Transmutations
   169 | D:2      | Reached XP level 2. HP: 18/19 MP: 5/7
   175 | D:2      | Learned a level 2 spell: Poisonous Vapours
   226 | D:3      | Reached XP level 3. HP: 25/25 MP: 5/9
   229 | D:3      | Reached skill level 5 in Spellcasting
   253 | D:3      | Noticed an orc warrior
   256 | D:3      | Reached skill level 1 in Invocations
   276 | D:4      | Learned a level 3 spell: Ignite Poison
   280 | D:4      | Learned a level 3 spell: Mephitic Cloud
   297 | D:4      | Reached skill level 1 in Fighting
   297 | D:4      | Reached skill level 1 in Short Blades
   297 | D:4      | Reached skill level 1 in Long Blades
   297 | D:4      | Reached skill level 1 in Axes
   297 | D:4      | Reached skill level 1 in Maces & Flails
   297 | D:4      | Reached skill level 1 in Polearms
   297 | D:4      | Reached skill level 1 in Staves
   297 | D:4      | Reached skill level 1 in Slings
   297 | D:4      | Reached skill level 1 in Bows
   297 | D:4      | Reached skill level 1 in Crossbows
   297 | D:4      | Reached skill level 1 in Throwing
   297 | D:4      | Reached skill level 1 in Armour
   297 | D:4      | Reached skill level 1 in Shields
   297 | D:4      | Reached skill level 1 in Unarmed Combat
   297 | D:4      | Reached skill level 1 in Evocations
   299 | D:4      | Reached XP level 4. HP: 24/32 MP: 1/11
   309 | D:4      | Learned a level 4 spell: Olgreb's Toxic Radiance
   384 | D:5      | Entered Level 5 of the Dungeon
   396 | D:5      | Reached skill level 1 in Conjurations
   396 | D:5      | Reached skill level 1 in Hexes
   396 | D:5      | Reached skill level 1 in Summonings
   396 | D:5      | Reached skill level 1 in Necromancy
   396 | D:5      | Reached skill level 1 in Translocations
   396 | D:5      | Reached skill level 1 in Fire Magic
   396 | D:5      | Reached skill level 1 in Ice Magic
   396 | D:5      | Reached skill level 1 in Air Magic
   396 | D:5      | Reached skill level 1 in Earth Magic
   396 | D:5      | Reached XP level 5. HP: 16/37 MP: 6/12
   446 | D:5      | Found an ancient bone altar of Kikubaaqudgha.
   460 | D:5      | Found a shimmering blue altar of Sif Muna.
   464 | D:5      | Found a glowing golden altar of the Shining One.
   539 | D:5      | Reached XP level 6. HP: 19/44 MP: 8/13
   540 | D:5      | Noticed an ice beast
   554 | D:5      | Reached skill level 2 in Invocations
   576 | D:6      | Found Jonyropiedgh's Assorted Antiques.
   584 | D:6      | Learned a level 2 spell: Blink
   589 | D:6      | Bought a scroll labelled CIRRENUOCW for 27 gold pieces
   589 | D:6      | Bought a scroll labelled ICWIME XUPAFU for 27 gold pieces
   597 | D:6      | Found Hewus's Antique Weapon Shoppe.
   623 | D:6      | Reached skill level 5 in Dodging
   692 | D:4      | Reached skill level 2 in Fighting
   692 | D:4      | Reached skill level 2 in Short Blades
   692 | D:4      | Reached skill level 2 in Long Blades
   692 | D:4      | Reached skill level 2 in Axes
   692 | D:4      | Reached skill level 2 in Maces & Flails
   692 | D:4      | Reached skill level 2 in Polearms
   692 | D:4      | Reached skill level 2 in Staves
   692 | D:4      | Reached skill level 2 in Slings
   692 | D:4      | Reached skill level 2 in Bows
   692 | D:4      | Reached skill level 2 in Crossbows
   692 | D:4      | Reached skill level 2 in Throwing
   692 | D:4      | Reached skill level 2 in Armour
   692 | D:4      | Reached skill level 2 in Shields
   692 | D:4      | Reached skill level 2 in Unarmed Combat
   692 | D:4      | Reached skill level 2 in Evocations
   786 | D:5      | Found a broken altar of Ashenzari.
   829 | D:5      | Reached XP level 7. HP: 50/50 MP: 10/15
   967 | D:7      | Found a flagged portal.
   985 | Bailey   | Entered a bailey
  1008 | Bailey   | Reached skill level 2 in Conjurations
  1008 | Bailey   | Reached skill level 2 in Hexes
  1008 | Bailey   | Reached skill level 2 in Summonings
  1008 | Bailey   | Reached skill level 2 in Necromancy
  1008 | Bailey   | Reached skill level 2 in Translocations
  1008 | Bailey   | Reached skill level 3 in Transmutations
  1008 | Bailey   | Reached skill level 2 in Fire Magic
  1008 | Bailey   | Reached skill level 2 in Ice Magic
  1008 | Bailey   | Reached skill level 2 in Air Magic
  1008 | Bailey   | Reached skill level 2 in Earth Magic
  1143 | Bailey   | Reached skill level 5 in Stealth
  1154 | Bailey   | Reached skill level 3 in Fighting
  1154 | Bailey   | Reached skill level 3 in Short Blades
  1154 | Bailey   | Reached skill level 3 in Long Blades
  1154 | Bailey   | Reached skill level 3 in Axes
  1154 | Bailey   | Reached skill level 3 in Maces & Flails
  1154 | Bailey   | Reached skill level 3 in Polearms
  1154 | Bailey   | Reached skill level 3 in Staves
  1154 | Bailey   | Reached skill level 3 in Slings
  1154 | Bailey   | Reached skill level 3 in Bows
  1154 | Bailey   | Reached skill level 3 in Crossbows
  1154 | Bailey   | Reached skill level 3 in Throwing
  1154 | Bailey   | Reached skill level 3 in Armour
  1154 | Bailey   | Reached skill level 3 in Shields
  1154 | Bailey   | Reached skill level 3 in Unarmed Combat
  1154 | Bailey   | Reached skill level 6 in Poison Magic
  1154 | Bailey   | Reached skill level 3 in Invocations
  1154 | Bailey   | Reached skill level 3 in Evocations
  1154 | Bailey   | Reached XP level 8. HP: 25/58 MP: 0/16
  1235 | Bailey   | Noticed an orc warlord
  1240 | Bailey   | Reached skill level 6 in Spellcasting
  1244 | Bailey   | Reached skill level 3 in Conjurations
  1244 | Bailey   | Reached skill level 3 in Hexes
  1244 | Bailey   | Reached skill level 3 in Summonings
  1244 | Bailey   | Reached skill level 3 in Necromancy
  1244 | Bailey   | Reached skill level 3 in Translocations
  1244 | Bailey   | Reached skill level 3 in Fire Magic
  1244 | Bailey   | Reached skill level 3 in Ice Magic
  1244 | Bailey   | Reached skill level 3 in Air Magic
  1244 | Bailey   | Reached skill level 3 in Earth Magic
  1244 | Bailey   | Reached skill level 4 in Invocations
  1259 | Bailey   | Reached skill level 6 in Dodging
  1263 | Bailey   | Shot with a bolt by an orc warlord

Illustrated notes

Levels and vault maps discovered:
D:1:      heliophobic_arrival_dark_side_of_the_moon, layout_loops_ring
D:2:      layout_loops_ring, uniq_crazy_yiuf_cottage
D:3:      layout_rooms, minmay_crystal_room, uniq_terence
D:4:      layout_basic, serial_shops, nicolae_shop_behind_doors
D:5:      layout_basic, nicolae_ashenzari_panopticon,
          minmay_overflow_temple_star_quad
D:6:      layout_rooms, nzn_hepliaklqana_mist_gate, serial_shops, shop, shop,
          shop, shop_statue, nicolae_shop_overgrown_old_shop,
          hellmonk_ghost_happy_afterlife, grunt_ministairs_8
D:7:      layout_loops_corners, nicolae_ru_the_path_less_chosen,
          minmay_temple_entry_proselytizer, enter_bailey_5
Bailey:   bailey_axe_minmay_hex_keep, bailey

Skill      XL: |  1  2  3  4  5  6  7  8 |
---------------+-------------------------+-----
Transmutations | 2 3 |  3.8
Spellcasting   | 5 6 |  6.3
Invocations    | 1 2 3 4 |  4.1
Fighting       | 1 2 3 |  3.7
Short Blades   | 1 2 3 |  3.7
Long Blades    | 1 2 3 |  3.7
Axes           | 1 2 3 |  3.7
Maces & Flails | 1 2 3 |  3.7
Polearms       | 1 2 3 |  3.7
Staves         | 1 2 3 |  3.7
Slings         | 1 2 3 |  3.7
Bows           | 1 2 3 |  3.7
Crossbows      | 1 2 3 |  3.7
Throwing       | 1 2 3 |  3.7
Armour         | 1 2 3 |  3.7
Shields        | 1 2 3 |  3.7
Unarmed Combat | 1 2 3 |  3.7
Evocations     | 1 2 3 |  3.7
Conjurations   | 1 2 3 |  3.0
Hexes          | 1 2 3 |  3.0
Summonings     | 1 2 3 |  3.0
Necromancy     | 1 2 3 |  3.0
Translocations | 1 2 3 |  3.0
Fire Magic     | 1 2 3 |  3.0
Ice Magic      | 1 2 3 |  3.0
Air Magic      | 1 2 3 |  3.0
Earth Magic    | 1 2 3 |  3.0
Dodging        | 5 6 |  6.0
Stealth        | 5 |  5.6
Poison Magic   | 6 |  6.3

Action                   |  1- 3 |  4- 6 |  7- 9 || total
-------------------------+-------+-------+-------++-------
Melee: Mace              |    39 |    48 |    16 ||   103
       Bite              |     1 |     7 |     1 ||     9
       Punch             |     1 |       |       ||     1
 Cast: Sting             |    21 |     8 |     1 ||    30
       Poisonous Vapours |     3 |    12 |     4 ||    19
       Olgreb's Toxic Ra |       |     2 |    12 ||    14
       Ignite Poison     |       |     1 |     3 ||     4
  Use: Scroll            |       |     7 |     3 ||    10
 Stab: Sleeping          |     1 |     1 |       ||     2
Armor: Robe              |    12 |    10 |     2 ||    24
Dodge: Dodged            |    55 |    45 |    21 ||   121
